 Seeded DCSS version 0.27-a0-1154-gfdeffcb720 (webtiles) character file.

Game seed: 6919691055512990457 (custom seed)

21 donath the Insei (level 2, 0/18 HPs)
             Began as an Octopode Transmuter on May 14, 2021.
             Slain by a quokka (4 damage)
             ... on level 1 of the Dungeon.
             The game lasted 00:00:57 (268 turns).

donath the Insei (Octopode Transmuter)               Turns: 268, Time: 00:00:58

Health: 0/18       AC:  1    Str:  9    XL:     2   Next: 83%
Magic:  2/5        EV: 13    Int: 15    God:
Gold:   23         SH:  0    Dex: 12    Spells: 2/5 levels left

rFire    . . .     SeeInvis .     - Unarmed
rCold    . . .     Faith    .   (no shield)
rNeg     . . .     Spirit   .   (helmet restricted)
rPois    .         Reflect  .   (no amulet)
rElec    .         Harm     .   (no ring)
rCorr    .         Rampage  .   (no ring)
Will     .....                  (no ring)
Stlth    ++........             (no ring)
HPRegen  0.06/turn              (no ring)
MPRegen  0.09/turn              (no ring)
                                (no ring)
                                (no ring)

@: wereblooded
A: almost no armour, amphibious, 8 rings, camouflage 1, gelatinous body 1,
(nimble swimmer 1), tentacles
a: no special abilities


You were on level 1 of the Dungeon.
You visited 1 branch of the dungeon, and saw 1 of its levels.

You collected 23 gold pieces.

Inventory:

Missiles
 a - 45 stones
 b - 23 arrows
Jewellery
 c - a ring of fire


   Skills:
 + Level 1.0 Fighting
 + Level 2.1 Dodging
 + Level 3.5 Unarmed Combat
 + Level 2.1 Spellcasting
 + Level 2.3 Transmutations


You had 2 spell levels left.
You knew the following spells:

 Your Spells              Type           Power      Damage    Failure   Level
a - Beastly Appendage     Tmut           16%        N/A       9%          1
b - Wereblood             Tmut           8%         N/A       13%         2

Your spell library contained the following spells:

 Spells                   Type           Power      Damage    Failure   Level
 Spider Form              Tmut/Pois      2%         N/A       38%         3
 Ice Form                 Ice/Tmut       5%         N/A       80%         4
 Hydra Form               Tmut           4%         N/A       93%         5


Dungeon Overview and Level Annotations

Branches:
Dungeon (1/15)

Altars:


Innate Abilities, Weirdness & Mutations

You cannot wear most types of armour.
You are amphibious.
You can wear up to eight rings at the same time.
Your skin changes colour to match your surroundings (Stealth+).
Your rubbery body absorbs attacks. (AC +1, EV +1)
((You are camouflaged near water. (Stealth+)))
You have tentacles for arms and can constrict up to eight enemies at once.


Message History

Anything else - Cancel.
You howl for attention!
The dart slug launches a dart at you. The slug dart hits you.
A bat comes into view.
The frilled lizard hisses.
Your primal bloodlust has ended.
The dart slug launches a dart at you. The slug dart misses you.
Casting: Wereblood (safe; 13% risk of failure)
Confirm with . or Enter, or press ? or * to list all spells.
Your blood is infused with primal strength.
A quokka comes into view.
The dart slug bites you.
You tentacle-slap the dart slug but do no damage.
You grab the dart slug. You squeeze the dart slug.
The dart slug is heavily wounded.
You constrict the dart slug. The bat barely misses you.
A quokka comes into view.
The bat completely misses you. The frilled lizard barely misses you.
You barely miss the frilled lizard. You grab the frilled lizard.
You constrict the frilled lizard.
You kill the frilled lizard!
You constrict the dart slug. The bat barely misses you.
The dart slug bites you.
You tentacle-slap the dart slug.
The dart slug is almost dead.
You howl as the wereblood boils in your veins!
You constrict the dart slug.
You kill the dart slug!
The bat misses you. The bat closely misses you.
You miss the bat. Your grab misses the bat. The bat misses you.
You completely miss the quokka. Your grab misses the quokka.
You howl as the wereblood boils in your veins!
The bat hits you but does no damage.
You tentacle-slap the quokka but do no damage.
Your grab misses the quokka. The bat misses you. The quokka bites you.
* * * LOW HITPOINT WARNING * * *
The quokka bites you.
You die...

#####.# #.# .#
#..##... #b# .#
#..##... ... ..
...##..# #.# .#
...##..# #.# .#
.####..# #.# .###.#
##
#..#######.##r....#
##...........@r..#
##...#######...†..#
#....# #...b..#
###....# #......#
#......# #......#
..###..# ######## #
#..# ######
#.)#####....#
#####.......[...#


You could see 2 quokkas and a bat.

Vanquished Creatures
  2 dart slugs (D:1)
  An endoplasm (D:1)
  3 goblins (D:1)
  4 hobgoblins (D:1)
  A quokka (D:1)
  3 frilled lizards (D:1)
  A rat (D:1)
15 creatures vanquished.

Notes
Turn   | Place    | Note
-------+----------+-------------------------------------------
     0 | D:1      | donath the Octopode Transmuter began the quest for the Orb.
     0 | D:1      | Reached XP level 1. HP: 13/13 MP: 3/3
   163 | D:1      | Reached XP level 2. HP: 17/18 MP: 3/5
   167 | D:1      | Learned a level 2 spell: Wereblood
   268 | D:1      | Slain by a quokka

Illustrated notes

Levels and vault maps discovered:
D:1:      dpeg_arrival_arbitrary_a, layout_basic

Action                   || total
-------------------------++-------
Melee: Unarmed           ||    35
       Constrict         ||    11
       Tentacles         ||     4
       Punch             ||     1
       Kick              ||     3
 Cast: Beastly Appendage ||     5
       Wereblood         ||     3
 Stab: Sleeping          ||     2
Armor: Skin              ||     1
Dodge: Dodged            ||    21

Table legend: (Time is in decaauts)
 A = Elapsed time spent in this place.
 B = Non-inter-level travel time spent in this place.
 C = Inter-level travel time spent in this place.
 D = Time resting spent in this place.
 E = Time spent auto-exploring this place.
 F = Levels seen in this place.
 G = Mean time per level.
                   A        B        C        D        E       F      G
               +--------+--------+--------+--------+--------+-----+--------+
         Total |    265 |    265 |      0 |      0 |    126 |   1 |  265.0 |
       Dungeon |    265 |    265 |      0 |      0 |    126 |   1 |  265.0 |
               +--------+--------+--------+--------+--------+-----+--------+

Top non-repeatable levels by time:
     D:1: 265 daAuts
